AoeStats
← Arribia2

Black Forest

507194636Analyzed
4v4 RM · 14d ago on Sep 17, 2026· 20m 44s· 8 players
Game mode
Random Map
Map size
Large (8 player)
Population
200
Speed
Normal
Resources
Standard
Victory
Conquest
Starting age
Dark Age
Ending age
Imperial Age
RankedLock teamsTeams togetherTeam positionsShared explorationLock speedFull tech treeHidden civsTurbo modeCheats
Victory
Defeat
🇲🇽 Hindustanis · Mexico
1454
+14
🇨🇳 Britons · China
1450
+14
🇨🇳 Muisca · China
1426
+15
🇺🇸 Turks · United States
1386
+17
🇨🇳 Goths · China
1455
-16
🇦🇺 Portuguese · Australia
1412
-15
🇧🇷 Poles · Brazil
1403
-15
🇦🇷 Bohemians · Argentina
1383
-14
SpawnShark
0:54 Loom
13:41 Feudal Age
13:49 Man-at-Arms
19:57 Horse Collar
20:40 Fletching
Karzul
10:41 Feudal Age
15:21 Castle Age
14:51 Double-Bit Axe
14:47 Horse Collar
17:01 Heavy Plow
20:56 Scale Barding Armor
Owen Guillermo Crippa
2:35 Loom
13:56 Feudal Age
14:03 Feudal Age
15:11 Double-Bit Axe
15:33 Horse Collar
18:33 Castle Age
19:34 Wheelbarrow
心之闻名
0:28 Loom
11:39 Feudal Age
16:40 Castle Age
15:16 Horse Collar
16:34 Double-Bit Axe
19:16 Wheelbarrow
Arribia2
0:47 Loom
14:50 Feudal Age
17:57 Fletching
JR | cristopher7gc
3:25 Loom
11:44 Feudal Age
15:28 Castle Age
15:30 Double-Bit Axe
18:46 Horse Collar
Prigozhin
0:49 Loom
11:14 Feudal Age
15:08 Castle Age
13:53 Double-Bit Axe
18:26 Fletching
20:10 Bodkin Arrow
i'm a pupil
6:17 Loom
12:07 Feudal Age
12:58 Double-Bit Axe
16:03 Castle Age
14:08 Gold Mining
14:07 Horse Collar
17:27 Bow Saw
20:01 Scale Mail Armor
Connection lost

Rejoining the realm…

Still unreachable

The connection could not be restored.

Session expired

The server has moved on; the page needs a fresh start.